 Dungeon Crawl Stone Soup version 0.31-a0-133-gaae73658be (console) character file.

Game seed: 10962647013334047988

6 petzl the Sneak (level 2, -1/24 HPs)
             Began as a Formicid Delver on June 2, 2023.
             Killed from afar by an orc wizard (7 damage)
             ... with a puff of flame
             ... on level 4 of the Dungeon.
             The game lasted 00:01:41 (265 turns).

petzl the Sneak (Formicid Delver)                    Turns: 265, Time: 00:01:42

Health: -1/24      AC:  3    Str: 24    XL:     2   Next: 0%
Magic:  2/2        EV: 12    Int:  9    God:
Gold:   14         SH:  0    Dex: 12    Spells: 1/1 levels left

rFire   . . .        a - +0 quarterstaff
rCold   . . .        (no shield)
rNeg    . . .        g - +0 leather armour of Conscience {rPois Regen+ Str+8 Dex-3}
rPois   +            (helmet unavailable)
rElec   .            (no cloak)
rCorr   .            (no gloves)
SInv    +            (no boots)
Will    .....        (no amulet)
Stlth   +++          (no ring)
HPRegen 1.04/turn    (no ring)
MPRegen 0.08/turn

%: no passive effects
@: no status effects
A: permanent stasis, dig shafts and tunnels, antennae 3, four strong arms
a: Dig, Shaft Self


You were on level 4 of the Dungeon.
You visited 1 branch of the dungeon, and saw 2 of its levels.

You collected 14 gold pieces.

Inventory:

Hand Weapons
 a - a +0 quarterstaff (weapon)
 j - a +0 mace
 l - a +1 dagger of protection {!f =f}
Armour
 b - a +0 leather armour
 g - the +0 leather armour of Conscience (worn) {rPois Regen+ Str+8 Dex-3}
   (You found it on level 5 of the Dungeon)

   Str:       It affects your strength (+8).
   Dex:       It affects your dexterity (-3).
   rPois:     It protects you from poison.
   Regen:     It increases your rate of health regeneration.
Wands
 f - a wand of digging (3)
 h - a wand of flame (17)
Scrolls
 c - a scroll of fog
 d - a scroll of magic mapping
 e - a scroll of fear
 i - 2 scrolls of identify {unknown}
 k - a scroll of summoning {unknown}


   Skills:
 + Level 3.4 Fighting
 + Level 2.1 Maces & Flails
 + Level 1.9 Dodging
 + Level 6.1 Stealth


You had one spell level left.
You didn't know any spells.
Your spell library was empty.

Dungeon Overview and Level Annotations

Branches:
Dungeon (5/15)
 Temple: D:4-7

Altars:

Shops:
D:4 *


Innate Abilities, Weirdness & Mutations

You cannot be hasted, slowed, berserked, paralysed or teleported.
You can dig through walls and to a lower floor.
You have a pair of large antennae on your head. (SInv)
Your four strong arms can wield two-handed weapons with a shield.


Message History

A worm comes into view.
Unknown command.
The orc shouts!
You hear a shout!
The orc throws a boomerang.
The boomerang closely misses you.
The orc throws a boomerang.
The boomerang barely misses you. The orc hits you but does no damage.
You sock the orc!
You kill the orc!
You have reached level 2!
Things that are here:
a +1 dagger of protection {!f =f}; 2 boomerangs; an orc corpse
l - a +1 dagger of protection {!f =f} An orc wizard comes into view.
It is wielding a +0 dagger.
Things that are here:
2 boomerangs; an orc corpse You hit the orc wizard.
The orc wizard is lightly wounded.
The orc wizard hits you but does no damage.
You barely miss the orc wizard.
The orc wizard is lightly wounded.
The orc wizard hits you with a +0 dagger.
You sock the orc wizard!
The orc wizard is severely wounded.
The orc wizard mumbles some strange words.
The orc wizard flickers and vanishes for a moment.
The orc misses you.
You hit the orc wizard but do no damage.
The orc wizard is severely wounded.
The orc wizard gestures at you while chanting.
The puff of flame hits you! The orc hits you with a +0 short sword.
The orc wizard hits you with a +0 dagger.
* * * LOW HITPOINT WARNING * * *
The orc hits you with a +0 short sword.
* * * LOW HITPOINT WARNING * * *
The orc attacks as you move away! The orc misses you.
The orc wizard hits you with a +0 dagger.
* * * LOW HITPOINT WARNING * * *
The orc wizard casts a spell at you. The puff of flame hits you!
You die...

.... .... .... ....
.... ....
.....w#....# ....
......#....#......
..o...#)...##.#...
...{..o....##.#...
.o.......##.####
.......##.# ##
#.....##.###.
#........#...
#....###...##
########....###.####
#oo(...........>....
#.######....########
#@# ###### #.# #.#
#.# #.# #.# #.# #.#


You could see an orc wizard (invisible) and an orc.

Vanquished Creatures
  A dart slug (D:5)
  An orc (D:4)
  A goblin (D:4)
3 creatures vanquished.

Notes
Turn   | Place    | Note
-------+----------+-------------------------------------------
     0 | D:5      | petzl the Formicid Delver began the quest for the Orb.
     0 | D:5      | Reached XP level 1. HP: 18/18 MP: 1/1
     4 | D:5      | Identified the +0 leather armour of Conscience {rPois
                  | Regen+ Str+8 Dex-3}
    54 | D:4      | Found Sethua's Superlative Supplies.
    81 | D:4      | Noticed an iguana
   250 | D:4      | Reached XP level 2. HP: 24/24 MP: 2/2
   265 | D:4      | Killed from afar by an orc wizard

Illustrated notes

Levels and vault maps discovered:
D:4:      layout_basic, nicolae_alphabet_shops
D:5:      layout_cave_pools

Action                     || total
---------------------------++-------
  Melee: Mace              ||     6
         Quarterstaff      ||     6
 Armour: Leather armour    ||     3
  Dodge: Dodged            ||     8

Table legend: (Time is in decaauts)
 A = Elapsed time spent in this place.
 B = Non-inter-level travel time spent in this place.
 C = Inter-level travel time spent in this place.
 D = Time resting spent in this place.
 E = Time spent auto-exploring this place.
 F = Levels seen in this place.
 G = Mean time per level.
                   A        B        C        D        E       F      G
               +--------+--------+--------+--------+--------+-----+--------+
         Total |    267 |    267 |      0 |      0 |     25 |   2 |  133.5 |
       Dungeon |    267 |    267 |      0 |      0 |     25 |   2 |  133.5 |
               +--------+--------+--------+--------+--------+-----+--------+

Top non-repeatable levels by time:
     D:4: 206 daAuts
     D:5: 61 daAuts
